Map: Moondance

Players

holden

  • Race: Protoss Protoss
  • League: Master
  • Spawn Location: 6:00

Zero - Winner!

  • Race: Terran Terran
  • League: Grandmaster
  • Spawn Location: 12:00

VOD

Have the link to the VOD?

Description

Time

  • Played on: Aug. 3, 2022, 9:45 p.m.
  • Length: 16:50
Show
View Real Time Build Order
Export as new Build Order

holden Protoss 

Build Orders: 1 Gate Expand, Blink Stalkers, Carriers, Colossus Rush 

Get SALT Encoding   

  12  0:00  Probe  
  13  0:12  Probe  
  14  0:16  Pylon  
  14  0:24  Probe  
  15  0:35  Gateway  
  15  0:37  Probe  
  16  0:45  Assimilator  
  17  0:50  Probe  
  17  1:02  Probe  
  18  1:14  Probe  
  19  1:26  Probe  
  19  1:28  Cybernetics Core  
  20  1:34  Nexus  
  20  1:41  Pylon  
  20  1:44  Probe  
  21  1:52  Assimilator  
  21  1:56  Probe  
  21  2:01  Adept (Chrono Boost)  
  21  2:06  Warp Gate  
  23  2:08  Probe  
  24  2:20  Probe  
  24  2:21  Stalker (Chrono Boost)  
  27  2:32  Probe  
  28  2:39  Gateway  
  28  2:40  Twilight Council  
  28  2:46  Probe (Chrono Boost)  
  28  2:49  Probe (Chrono Boost)  
  30  2:57  Probe (Chrono Boost)  
  31  3:00  Probe (Chrono Boost)  
  31  3:02  Probe  
  33  3:09  Blink (Chrono Boost)  
  33  3:10  Probe  
  34  3:14  Probe  
  35  3:22  Probe  
  35  3:26  Probe  
  37  3:35  Probe  
  37  3:36  Nexus  
  38  3:42  Pylon  
  38  3:43  Probe  
  38  3:47  Probe  
  40  3:54  Shield Battery  
  40  3:56  Probe  
  40  3:59  Probe  
  40  4:01  Robotics Facility  
  42  4:08  Probe  
  43  4:11  Probe  
  43  4:14  Assimilator  
  44  4:19  Stalker x2  
  44  4:20  Probe  
  44  4:23  Probe  
  50  4:27  Assimilator  
  50  4:32  Probe  
  50  4:35  Probe  
  52  4:43  Stalker  
  54  4:47  Pylon  
  54  4:48  Probe x2  
  54  4:49  Pylon, Observer  
  54  4:51  Probe, Pylon, Charge (Chrono Boost)  
  58  4:55  Robotics Bay  
  58  5:00  Probe x2  
  58  5:03  Probe  
  61  5:12  Probe x2  
  61  5:13  Forge  
  63  5:14  Stalker  
  63  5:15  Probe  
  63  5:18  Forge  
  64  5:24  Probe x2  
  66  5:31  Probe  
  67  5:36  Probe x2  
  67  5:41  Colossus (Chrono Boost)  
  69  5:43  Probe  
  69  5:47  Nexus  
  69  5:48  Probe, Protoss Ground Weapons Level 1 (Chrono Boost)  
  69  5:49  Pylon  
  76  5:57  Extended Thermal Lance  
  76  6:01  Probe  
  76  6:02  Probe  
  76  6:03  Probe, Assimilator  
  79  6:04  Protoss Ground Armor Level 1 (Chrono Boost)  
  79  6:12  Shield Battery  
  79  6:15  Sentry x2  
  83  6:20  Pylon  
  83  6:21  Probe  
  83  6:22  Probe x2  
  86  6:29  Observer (Chrono Boost)  
  87  6:36  Gateway  
  87  6:38  Gateway  
  87  6:39  Gateway  
  87  6:40  Gateway  
  87  6:41  Colossus (Chrono Boost)  
  87  6:44  Gateway  
  93  6:47  Gateway, Sentry  
  93  6:49  Stalker  
  97  6:57  Pylon  
  97  6:59  Pylon  
  97  7:02  Pylon  
  97  7:20  Colossus (Chrono Boost)  
  97  7:22  Gateway  
  97  7:29  Photon Cannon  
  103  7:32  Zealot x3  
  109  7:41  Protoss Ground Weapons Level 2 (Chrono Boost), Stalker x3  
  109  7:43  Zealot x2  
  117  7:46  Pylon, Protoss Ground Armor Level 2 (Chrono Boost)  
  117  7:48  Pylon  
  117  7:50  Robotics Facility  
  117  7:51  Pylon  
  117  7:56  Stalker x3  
  123  8:03  Probe x3  
  123  8:04  Probe  
  125  8:09  Disruptor  
  128  8:15  Probe x3  
  128  8:16  Probe  
  133  8:27  Probe x2, Assimilator  
  133  8:31  Probe x2  
  133  8:32  Assimilator  
  136  8:37  Observer  
  137  8:45  Zealot x8, Observer  
  137  8:46  Zealot  
  156  8:51  Pylon  
  156  8:55  Pylon  
  156  8:58  Disruptor, Pylon  
  156  8:59  Pylon  
  156  9:00  Pylon  
  157  9:06  Disruptor  
  160  9:17  Pylon  
  160  9:19  Pylon  
  160  9:25  Nexus  
  160  9:26  Pylon  
  160  9:29  Pylon  
  160  9:33  Stalker x2  
  160  9:34  Disruptor, Stalker x6  
  179  9:40  Templar Archives  
  179  9:42  Disruptor  
  180  9:47  Photon Cannon  
  180  9:49  Shield Battery  
  172  10:00  Dark Shrine  
  160  10:08  Protoss Ground Armor Level 3 (Chrono Boost)  
  160  10:09  Disruptor  
  160  10:13  Protoss Ground Weapons Level 3 (Chrono Boost)  
  157  10:17  Disruptor  
  160  10:24  Zealot x2  
  160  10:25  Zealot x2  
  168  10:35  Observer  
  168  10:44  Stargate  
  168  10:45  Disruptor  
  168  10:46  Zealot  
  168  10:47  Zealot x8  
  187  10:54  Observer  
  188  11:11  Assimilator  
  188  11:14  Disruptor  
  188  11:16  Assimilator  
  191  11:32  Zealot, Protoss Air Weapons Level 1 (Chrono Boost)  
  185  11:54  Stargate  
  185  11:56  Stargate  
  185  11:57  Zealot x7  
  185  11:59  Fleet Beacon  
  197  12:02  Shadow Stride (Chrono Boost)  
  195  12:11  Zealot  
  197  12:15  Warp Prism  
  199  12:35  Nexus  
  199  12:36  Pylon  
  197  12:40  Pylon  
  197  12:43  Pylon  
  183  12:46  Protoss Shields Level 1 (Chrono Boost)  
  183  12:48  Carrier x3  
  188  13:04  Gateway  
  188  13:08  Gateway  
  188  13:09  Gateway  
  188  13:18  Gateway  
  188  13:19  Shield Battery  
  188  13:22  Shield Battery  
  188  13:24  Gateway, Photon Cannon x2, Dark Templar  
  188  13:25  Dark Templar x5  
  188  13:26  Photon Cannon  
  188  13:27  Photon Cannon  
  200  13:28  Photon Cannon  
  200  13:30  Photon Cannon x2  
  198  13:35  Photon Cannon  
  198  13:36  Photon Cannon  
  198  13:40  Pylon  
  198  13:43  Pylon  
  198  13:51  Disruptor  
  198  13:54  Disruptor  
  183  14:21  Carrier (Chrono Boost)  
  181  14:27  Disruptor (Chrono Boost), Stalker x8  
  181  14:31  Carrier x2 (Chrono Boost)  
  200  14:35  Disruptor (Chrono Boost)  
  198  15:15  Dark Templar  
  197  15:31  Disruptor x2  
  131  16:04  Stalker  
  131  16:05  Stalker x10  
  131  16:07  Disruptor x2  
Show
View Real Time Build Order
Export as new Build Order

Zero Terran - Winner!

Build Orders:  

Get SALT Encoding   

  12  0:00  SCV  
  13  0:12  SCV  
  14  0:17  Supply Depot  
  14  0:24  SCV  
  15  0:38  SCV  
  15  0:39  Barracks  
  15  0:42  Refinery  
  16  0:50  SCV  
  17  1:02  SCV  
  18  1:14  SCV  
  19  1:26  Marine  
  19  1:27  Orbital Command  
  20  1:45  Barracks Reactor  
  20  1:49  Command Center  
  20  1:53  SCV  
  21  2:04  Supply Depot  
  21  2:05  SCV  
  22  2:14  Factory  
  22  2:17  SCV  
  23  2:24  Refinery  
  23  2:25  Marine x2  
  25  2:30  Bunker  
  25  2:32  SCV  
  26  2:43  Marine  
  27  2:44  SCV  
  28  2:57  SCV  
  29  3:01  Orbital Command  
  29  3:03  Starport  
  29  3:08  Factory Tech Lab  
  29  3:09  SCV  
  29  3:12  Marine x2  
  32  3:21  SCV  
  32  3:26  Cyclone  
  36  3:27  SCV  
  36  3:31  Supply Depot  
  36  3:32  Marine  
  36  3:34  SCV  
  39  3:35  Marine  
  39  3:39  SCV  
  39  3:40  Starport Tech Lab  
  41  3:46  SCV  
  42  3:48  Supply Depot  
  42  3:51  SCV  
  42  3:55  Barracks  
  43  3:58  SCV  
  43  3:59  Raven  
  46  4:03  SCV  
  46  4:05  Marine  
  46  4:06  Marine  
  49  4:10  SCV  
  49  4:11  Supply Depot  
  49  4:15  Engineering Bay, SCV  
  51  4:19  Siege Tank  
  51  4:22  Refinery, SCV  
  55  4:27  Marine, SCV  
  55  4:29  Marine  
  58  4:34  SCV, Supply Depot  
  59  4:40  SCV  
  59  4:41  Missile Turret  
  59  4:42  Terran Infantry Weapons Level 1  
  60  4:51  SCV  
  61  4:53  Stimpack  
  61  4:55  Marine x2, SCV  
  64  5:01  Marine, Supply Depot  
  64  5:06  Starport Reactor  
  65  5:09  Supply Depot  
  65  5:14  Marine  
  65  5:15  Marine, SCV  
  65  5:19  Marine  
  65  5:20  Barracks, SCV  
  70  5:24  Command Center  
  70  5:25  Siege Tank  
  70  5:28  SCV  
  74  5:32  Refinery, SCV  
  75  5:38  Marine x2  
  75  5:40  Marauder, SCV  
  80  5:44  Supply Depot  
  80  5:46  Medivac x2  
  84  5:56  SCV  
  85  5:57  Marine, Barracks x2  
  85  5:58  SCV  
  85  5:59  Marine  
  88  6:10  Factory Reactor, SCV  
  89  6:17  Marauder, SCV  
  89  6:18  Marine x2  
  92  6:22  SCV  
  92  6:24  Medivac x2  
  92  6:25  Marine  
  99  6:31  Supply Depot  
  100  6:33  SCV  
  100  6:34  Combat Shield, Supply Depot x2  
  100  6:35  Concussive Shells  
  100  6:36  Marine, Terran Infantry Armor Level 1  
  102  6:41  Marine, Marauder, SCV  
  102  6:45  SCV  
  102  6:46  Barracks Tech Lab, Barracks Reactor  
  107  6:49  Widow Mine  
  107  6:50  Widow Mine  
  107  6:52  Marauder  
  113  7:00  Marine x2  
  114  7:03  Marauder  
  114  7:07  Orbital Command  
  116  7:08  SCV  
  116  7:11  Widow Mine x2  
  116  7:12  Marauder  
  116  7:13  Marine  
  124  7:16  Medivac  
  124  7:17  Medivac, SCV  
  124  7:20  SCV  
  124  7:21  Marine  
  131  7:24  Marauder  
  131  7:27  Supply Depot  
  131  7:28  Marine  
  131  7:29  SCV  
  135  7:30  Marine  
  135  7:31  Marauder  
  135  7:32  Widow Mine  
  135  7:35  Marauder  
  135  7:36  Supply Depot  
  140  7:39  Marine  
  140  7:40  Marine  
  140  7:44  Supply Depot  
  139  7:45  Marauder  
  139  7:48  Marine  
  139  7:49  Widow Mine  
  143  7:51  Supply Depot  
  143  7:52  Supply Depot  
  143  7:53  Widow Mine, Marauder  
  143  7:55  SCV  
  148  7:59  Medivac  
  148  8:00  Medivac  
  148  8:01  SCV  
  153  8:06  Armory  
  153  8:07  Engineering Bay  
  153  8:08  Supply Depot  
  153  8:19  Refinery  
  153  8:20  Engineering Bay  
  153  8:21  Marine x2, Armory  
  153  8:22  Marauder x2  
  153  8:23  Missile Turret  
  153  8:25  Marine  
  160  8:29  Missile Turret  
  160  8:30  Marine  
  160  8:31  Marauder  
  163  8:37  SCV  
  163  8:39  Marine  
  165  8:43  Marauder  
  167  8:52  Marauder  
  167  8:53  Command Center  
  169  8:56  Marine, Marauder  
  172  9:04  Terran Infantry Armor Level 2, Terran Infantry Weapons Level 2  
  172  9:05  Ghost Academy  
  172  9:08  Terran Ship Weapons Level 1  
  172  9:10  Marine  
  172  9:11  Marauder  
  175  9:17  Missile Turret  
  175  9:20  Missile Turret  
  175  9:23  Missile Turret  
  175  9:24  Marine x2, Viking x2  
  179  9:25  Marauder  
  183  9:33  Starport  
  183  9:34  Factory Tech Lab  
  183  9:57  SCV  
  183  10:02  Ghost x3  
  182  10:17  Viking x2  
  182  10:18  Barracks x2  
  182  10:19  Barracks  
  186  10:23  Planetary Fortress  
  186  10:24  SCV  
  186  10:26  Command Center  
  185  10:30  Ghost  
  187  10:40  Sensor Tower  
  187  10:42  Missile Turret  
  187  10:43  Refinery x2  
  187  10:49  Viking x3  
  193  10:59  Command Center  
  191  11:05  Sensor Tower, Command Center  
  191  11:09  Barracks Tech Lab x2  
  191  11:10  Barracks Tech Lab  
  191  11:17  Command Center, Terran Ship Weapons Level 2  
  191  11:20  Enhanced Shockwaves  
  191  11:36  Terran Infantry Weapons Level 3  
  191  11:37  Marine  
  191  11:39  Orbital Command  
  192  11:43  Marine x2, Ghost  
  192  11:47  Command Center  
  196  11:53  Ghost  
  198  11:54  Viking  
  200  12:07  Fusion Core  
  191  12:11  Orbital Command  
  191  12:13  Command Center  
  191  12:14  Terran Infantry Armor Level 3  
  191  12:29  Orbital Command  
  189  12:41  SCV  
  188  12:50  Planetary Fortress  
  184  12:58  Marauder x4, Missile Turret  
  192  12:59  Marauder  
  192  13:01  Viking x2  
  192  13:03  Advanced Ballistics  
  198  13:06  Orbital Command  
  198  13:10  Sensor Tower  
  198  13:15  Missile Turret  
  198  13:19  Refinery  
  198  13:23  Refinery  
  185  13:34  Marine  
  185  13:35  Marauder  
  185  13:40  Marauder x3  
  192  13:41  Viking  
  192  13:45  Liberator x2  
  200  13:55  Orbital Command  
  198  14:02  Terran Ship Weapons Level 3  
  198  14:07  Marauder  
  180  14:18  Marine x2, Ghost  
  180  14:19  Marauder  
  180  14:22  Ghost x2  
  180  14:23  Liberator  
  180  14:24  Liberator  
  194  14:28  Viking x2  
  196  14:38  Marine, Ghost x2  
  179  14:48  Marauder  
  179  14:50  Marine, Marauder  
  174  14:58  Viking x2  
  178  15:05  Ghost x2  
  178  15:06  Marine, Viking x2  
  187  15:07  Marauder  
  187  15:15  SCV  
  187  15:18  SCV x2  
  190  15:22  Command Center  
  187  15:47  Marine  
  187  15:48  Marauder  
  184  15:50  Orbital Command  
  184  15:54  Marine  
  184  15:55  Marine x6, Marauder  
  184  15:56  Widow Mine  
  154  16:05  Marine  
  154  16:09  Marauder  
  160  16:12  Marine x2  
  160  16:13  SCV  
  169  16:23  Marine, Marauder  
  172  16:28  Marine, Marauder  
Tags
 
Add a new tag
Caveats
  • Supply blocks, unpowered buildings, or Contaminate may cause inaccurate times.
  • Supply counts are checked every 10 seconds.